 Dungeon Crawl Stone Soup version 0.30-a0-883-g5ad918d77d (webtiles) character file.

Game seed: 3377114738863643364

179 Zeldest the Magician (level 5, -2/41 HPs)
             Began as a Mummy Reaver on Mar 16, 2023.
             Killed from afar by an orc wizard (15 damage)
             ... with a puff of flame
             ... on level 3 of the Dungeon.
             The game lasted 00:06:03 (1969 turns).

Zeldest the Magician (Mummy Reaver)                 Turns: 1969, Time: 00:06:04

Health: -2/41      AC:  3    Str: 16    XL:     5   Next: 32%
Magic:  11/11      EV: 11    Int: 14    God:
Gold:   53         SH:  0    Dex: 10    Spells: 11/12 levels left

rFire   x . .      SeeInvis .    e - +1 dagger (venom)
rCold   + . .      Faith    +    (no shield)
rNeg    + + +      Spirit   .    b - +0 leather armour
rPois   ∞          Reflect  .    (no helmet)
rElec   .          Rampage  .    (no cloak)
rCorr   .                        (no gloves)
Will    .....                    (no boots)
Stlth   +                        (no amulet)
HPRegen 0.26/turn                (no ring)
MPRegen 0.12/turn                (no ring)

@: no status effects
A: cold resistance 1, negative energy resistance 3, torment resistance 2, heat
vulnerability 1, in touch with death 1, no potions, faith
a: no special abilities


You were on level 3 of the Dungeon.
You visited 1 branch of the dungeon, and saw 3 of its levels.

You collected 53 gold pieces.

Inventory:

Hand Weapons
 a - a +0 mace
 e - a +1 dagger of venom (weapon)
Armour
 b - a +0 leather armour (worn)
Scrolls
 c - a scroll of poison {unknown}
 d - 2 scrolls of enchant weapon {unknown}
 f - a scroll of amnesia {unknown}
 g - 2 scrolls of teleportation {unknown}
 h - a scroll of identify {unknown}
 i - a scroll of enchant armour {unknown}


   Skills:
 + Level 3.5 Fighting
 - Level 2.4 Maces & Flails
 - Level 1.5 Dodging
 + Level 4.4 Spellcasting
 + Level 3.4 Conjurations
 + Level 0.5 Fire Magic


You had 11 spell levels left.
You knew the following spells:

 Your Spells              Type           Power      Damage    Failure   Level
a - Kiss of Death         Conj/Necr      44%        2d8       11%         1

Your spell library contained the following spells:

 Spells                   Type           Power      Damage    Failure   Level
 Momentum Strike          Conj/Tloc      14%        3d8       17%         2
 Sting                    Tmut/Pois      12%        1d3       22%         1
 Hailstorm                Conj/Ice       7%         3d4       32%         3
 Poisonous Vapours        Pois/Air       6%         N/A       34%         2
 Ignite Poison            Fire/Tmut/Pois 3%         N/A       54%         3
 Kindle Blastsparks       Fire/Tloc/Air  6%         2d10      54%         3
 Olgreb's Toxic Radiance  Pois           3%         N/A       92%         4
 Freezing Cloud           Conj/Ice/Air   3%         6-21      98%         5


Dungeon Overview and Level Annotations

Branches:
Dungeon (3/15)

Altars:


Innate Abilities, Weirdness & Mutations

You are immune to poison.
Your flesh is cold resistant. (rC+)
You are immune to negative energy. (rN+++)
You are immune to unholy pain and torment.
You are vulnerable to heat. (rF-)
You are in touch with the powers of death.
You do not drink.
You have a special connection with the divine. (Faith)


Message History

Deactivating autopickup; reactivate with Ctrl-A.
The orc wizard hits you with a +0 dagger.
You hear a shout!
You hit the orc wizard but do no damage.
The orc wizard is poisoned.
The orc wizard closely misses you.
You barely miss the orc wizard.
The orc wizard hits you but does no damage.
You hit the orc wizard but do no damage.
The orc wizard looks as sick as possible!
The orc wizard is lightly wounded.
An orc comes into view. It is wielding a +0 mace.
The orc wizard hits you with a +0 dagger.
You hit the orc wizard but do no damage.
The orc wizard looks as sick as possible!
The orc wizard is moderately wounded.
The orc wizard gestures at you while chanting.
The magic dart hits you!
You hit the orc wizard but do no damage.
The orc wizard looks as sick as possible!
The orc wizard is heavily wounded.
The orc wizard hits you but does no damage.
You hit the orc wizard but do no damage.
The orc wizard looks as sick as possible!
The orc wizard is almost dead.
You kill the orc wizard!
Something hits you.
You hit something but do no damage. Something hits you.
You hit something.
You hear some strange, mumbled words.
Something tries to affect you, but you resist.
You barely miss something. Something hits you.
You hit something.
You hear some strange, mumbled words.
A puff of flame appears from out of thin air!
The puff of flame hits you! The fire burns you terribly!
You hit something.
You hear some strange, mumbled words.
A puff of flame appears from out of thin air!
The puff of flame hits you! The fire burns you terribly!
You die...

#. . .#
.## ...
##
#.####.
#.#
##{o.....
#.###@#
#.#.##
#.##
######.#
#......#
#.####.#
#..#
##+##
#..#
##...##
#..###
##.....##


You could see an orc.

Vanquished Creatures
  An orc priest (D:3)
  2 orc wizards (D:3)
  4 adders
  A worm (D:2)
  A dart slug (D:2)
  2 orcs (D:3)
  7 ball pythons
  3 bats
  4 endoplasms (D:1)
  A giant cockroach (D:1)
  7 goblins
  4 hobgoblins
  4 jackals (D:2)
  6 kobolds
  4 quokkas
  2 frilled lizards (D:1)
  4 rats
57 creatures vanquished.

Vanquished Creatures (others)
  A plant (D:1)
1 creature vanquished.

Grand Total: 58 creatures vanquished

Notes
Turn   | Place    | Note
-------+----------+-------------------------------------------
     0 | D:1      | Zeldest the Mummy Reaver began the quest for the Orb.
     0 | D:1      | Reached XP level 1. HP: 16/16 MP: 4/4
   195 | D:1      | Reached skill level 3 in Spellcasting
   199 | D:1      | Reached XP level 2. HP: 22/22 MP: 6/6
   904 | D:1      | Gained mutation: You are in touch with the powers of death.
                  | [Mummy growth]
   904 | D:1      | Reached XP level 3. HP: 25/26 MP: 7/7
  1391 | D:2      | Reached XP level 4. HP: 32/35 MP: 9/9
  1743 | D:3      | Reached skill level 4 in Spellcasting
  1835 | D:3      | Reached XP level 5. HP: 35/41 MP: 11/11
  1969 | D:3      | Killed from afar by an orc wizard

Illustrated notes

Levels and vault maps discovered:
D:1:      denvon_arrival_planthouse, layout_basic
D:2:      layout_basic
D:3:      layout_loops_corners, serial_shops, nicolae_diamond_shop,
          minmay_misc_feat_enclosed, serial_park_tiny_pond, uniq_terence,
          uniq_natasha

Skill      XL: |  1  2  3  4 |
---------------+-------------+-----
Spellcasting   | 3 4 |  4.4
Conjurations   | 3 |  3.4
Fighting       | 3 |  3.5
Maces & Flails | |  2.4
Dodging        | |  1.5
Fire Magic     | |  0.5

Action                     |  1- 3 |  4- 6 || total
---------------------------+-------+-------++-------
  Melee: Mace              |   119 |       ||   119
         Punch             |     2 |     2 ||     4
         Dagger            |    21 |    69 ||    90
   Cast: Kiss of Death     |     1 |       ||     1
 Armour: Leather armour    |    32 |    13 ||    45
  Dodge: Dodged            |    82 |    22 ||   104

Table legend: (Time is in decaauts)
 A = Elapsed time spent in this place.
 B = Non-inter-level travel time spent in this place.
 C = Inter-level travel time spent in this place.
 D = Time resting spent in this place.
 E = Time spent auto-exploring this place.
 F = Levels seen in this place.
 G = Mean time per level.
                   A        B        C        D        E       F      G
               +--------+--------+--------+--------+--------+-----+--------+
         Total |   2003 |   1965 |     38 |    394 |   1121 |   3 |  667.7 |
       Dungeon |   2003 |   1965 |     38 |    394 |   1121 |   3 |  667.7 |
               +--------+--------+--------+--------+--------+-----+--------+

Top non-repeatable levels by time:
     D:1: 972 daAuts
     D:2: 854 daAuts
     D:3: 176 daAuts
